Map: Scalo orbitale (Bilanciamento 3.0.5 v1.0)

Players

Jhyrachy

  • Race: Zerg Zerg
  • League: Silver

illusio - Winner!

  • Race: Zerg Zerg
  • League: Platinum

VOD

Have the link to the VOD?

Description

Time

  • Played on: Dec. 3, 2015, 2:53 p.m.
  • Length: 3:48
Show
View Real Time Build Order
Export as new Build Order

Jhyrachy Zerg 

Build Orders: Pool First 

Get SALT Encoding   

  12  0:02  Drone  
  13  0:11  Drone  
  14  0:20  Overlord  
  14  0:39  Drone  
  14  0:40  Drone  
  14  0:41  Drone  
  17  0:50  Spawning Pool  
  17  0:52  Drone  
  17  1:02  Extractor, Drone  
  17  1:18  Hatchery  
  16  1:30  Drone x2  
  18  1:33  Overlord  
  18  1:43  Queen  
  20  1:57  Extractor  
  20  1:59  Drone x2  
  21  2:07  Overlord  
  21  2:30  Queen  
  23  2:43  Roach Warren  
  22  2:54  Overlord x2  
  22  3:02  Zergling x2  
  22  3:03  Zergling x8  
  24  3:23  Roach  
Show
View Real Time Build Order
Export as new Build Order

illusio Zerg - Winner!

Build Orders: Pool First 

Get SALT Encoding   

  12  0:01  Drone  
  13  0:13  Overlord  
  13  0:20  Drone  
  14  0:33  Drone  
  14  0:34  Drone  
  16  0:38  Extractor  
  15  0:44  Spawning Pool  
  15  0:47  Drone  
  15  0:51  Drone  
  16  0:58  Drone  
  17  1:10  Drone  
  18  1:22  Overlord  
  18  1:31  Queen  
  20  1:41  Metabolic Boost  
  20  1:43  Zergling x2  
  20  1:44  Zergling x2  
  22  1:51  Zergling x2  
  23  2:03  Overlord  
  23  2:14  Baneling Nest  
  22  2:25  Zergling x2  
  22  2:26  Zergling x2  
  24  2:40  Zergling x4  
  24  2:41  Zergling x4  
  28  2:54  Queen  
  30  3:04  Hatchery, Spine Crawler  
  28  3:08  Spine Crawler  
  26  3:23  Zergling x6  
  26  3:24  Zergling x2  
Tags
 
Add a new tag
Caveats
  • Supply blocks, unpowered buildings, or Contaminate may cause inaccurate times.
  • Supply counts are checked every 10 seconds.